 Dungeon Crawl Stone Soup version 0.29.1-15-g9cfb28693d (webtiles) character file.

Game seed: 17797799738123629567

83 croobank the Firebug (level 4, -3/30 HPs)
             Began as a Demonspawn Fire Elementalist on Apr 20, 2023.
             Slain by an orc
             ... wielding a +0 hand axe
              (7 damage)
             ... on level 3 of the Dungeon.
             The game lasted 00:06:20 (2563 turns).

croobank the Firebug (Demonspawn Fire Elementalist) Turns: 2563, Time: 00:06:20

Health: -3/30      AC:  4    Str:  8    XL:     4   Next: 22%
Magic:  1/7        EV: 12    Int: 19    God:
Gold:   75         SH:  0    Dex: 13    Spells: 5/8 levels left

rFire   . . .      SeeInvis .   g - +0 short sword
rCold   . . .      Faith    .   (no shield)
rNeg    . . .      Spirit   .   a - +0 robe
rPois   .          Reflect  .   (helmet restricted)
rElec   .          Harm     .   (no cloak)
rCorr   .          Rampage  .   (no gloves)
Will    .....                   (no boots)
Stlth   ++........              (no amulet)
HPRegen 0.10/turn               (no ring)
MPRegen 0.10/turn               (no ring)

@: lethally poisoned (-3 -> -6)
A: yellow scales 1, powered by pain 1, antennae 1, low MP 1
a: no special abilities


You were on level 3 of the Dungeon.
You visited 1 branch of the dungeon, and saw 3 of its levels.

You collected 75 gold pieces.

Inventory:

Hand Weapons
 c - a +0 sling
 f - a +0 trident
 g - a +0 short sword (weapon)
 h - a +0 hand axe
 i - a +0 war axe
 j - a +0 dagger
 m - a +0 dagger
Missiles
 p - 2 poisoned darts (quivered)
Armour
 a - a +0 robe (worn)
Magical Staves
 e - a staff of earth
Wands
 b - a wand of acid (7)
Scrolls
 d - a scroll of fear {unknown}
 l - a scroll of teleportation {unknown}
 n - a scroll of amnesia {unknown}
 q - 2 scrolls of identify {unknown}
 r - a scroll of magic mapping {unknown}


   Skills:
 * Level 0.0 Fighting
 + Level 2.3 Dodging
 + Level 2.5 Stealth
 + Level 2.5 Spellcasting
 + Level 1.9 Conjurations
 + Level 3.1 Fire Magic


You had 5 spell levels left.
You knew the following spells:

 Your Spells              Type           Power      Damage    Failure   Level
a - Foxfire               Conj/Fire      48%        2x1d6     5%          1
b - Scorch                Fire           28%        2d6       7%          2

Your spell library contained the following spells:

 Spells                   Type           Power      Damage    Failure   Level
 Magic Dart               Conj           36%        1d4       7%          1
 Searing Ray              Conj           18%        2d5       11%         2
 Beastly Appendage        Tmut           4%         N/A       16%         1
 Necrotise                Necr           8%         1d4       16%         1
 Conjure Flame            Conj/Fire      12%        6-21      17%         3
 Wereblood                Tmut           2%         N/A       24%         2
 Inner Flame              Hex/Fire       8%         N/A       26%         3
 Spider Form              Tmut/Pois      2%         N/A       43%         3
 Vampiric Draining        Necr           2%         2d6       43%         3
 Flame Wave               Conj/Fire      12%        2d6       50%         4
 Fulminant Prism          Conj/Hex       3%         3d6       71%         4
 Fireball                 Conj/Fire      6%         3d5       83%         5
 Agony                    Necr           2%         N/A       99%         5
 Starburst                Conj/Fire      6%         6d4       100%        6
 Ignition                 Fire           7%         3d4       100%        8


Dungeon Overview and Level Annotations

Branches:
Dungeon (3/15)

Altars:


Innate Abilities, Weirdness & Mutations

You are partially covered in yellow scales. (AC +2)
You sometimes gain a little power by taking damage.
You have a pair of small antennae on your head.
Your magical capacity is low. (-10% MP)


Message History

Casting: Foxfire (safe; 5% risk of failure)
Confirm with . or Enter, or press ? or * to list all spells.
You conjure some foxfire!
You feel sick.
The foxfire hits the orc.
The orc is lightly wounded.
The foxfire hits the orc but does no damage.
The orc is lightly wounded.
The orc throws a poisoned dart.
The poisoned dart hits you!
You are more poisoned.
Casting: Foxfire (safe; 5% risk of failure)
Confirm with . or Enter, or press ? or * to list all spells.
You conjure some foxfire!
You feel very sick.
The foxfire hits the orc but does no damage.
The orc is lightly wounded.
The foxfire hits the orc but does no damage.
The orc is lightly wounded.
The foxfire hits the orc but does no damage.
The orc is lightly wounded.
You feel sick.
The foxfire hits the orc but does no damage.
The orc is lightly wounded.
The foxfire hits the orc.
The orc is moderately wounded.
Casting: Foxfire (safe; 5% risk of failure)
Confirm with . or Enter, or press ? or * to list all spells.
Flames lash the orc but do no damage.
You feel sick.
The orc drinks a potion.
The orc goes berserk!
Casting: Scorch (safe; 7% risk of failure)
Confirm with . or Enter, or press ? or * to list all spells.
You don't have enough magic to cast this spell.
You feel sick.
You hit the orc.
The orc is heavily wounded.
You feel sick. The orc barely misses you. The orc hits you with a +0 hand axe.
You closely miss the orc.
The orc is heavily wounded.
You feel sick. The orc hits you with a +0 hand axe!
* * * LOW HITPOINT WARNING * * *
The orc hits you with a +0 hand axe!
You die...

. ######.#
#...!..
#.....#
###......
.......#
#####..#
#...#.<##
#.<.#.@.#
#...#.o.#
#._.#.....
#...#...###
#####...#
........#
#........
####.#..#


You could see an orc (berserk).

Vanquished Creatures
  Terence (D:2)
  Robin (D:2)
  2 worms (D:2)
  2 bats (D:1)
  An endoplasm (D:2)
  A giant cockroach (D:2)
  14 goblins
  3 hobgoblins
  3 jackals (D:2)
  2 kobolds (D:1)
  A quokka (D:1)
  4 ball pythons
  A frilled lizard (D:1)
  5 rats (D:1)
41 creatures vanquished.

Vanquished Creatures (collateral kills)
  2 foxfires (D:1)
2 creatures vanquished.

Vanquished Creatures (others)
  65 foxfires
  2 plants (D:1)
67 creatures vanquished.

Grand Total: 110 creatures vanquished

Notes
Turn   | Place    | Note
-------+----------+-------------------------------------------
     0 | D:1      | croobank the Demonspawn Fire Elementalist began the quest
                  | for the Orb.
     0 | D:1      | Reached XP level 1. HP: 13/13 MP: 3/3
   475 | D:1      | Gained mutation: You sometimes gain a little power by
                  | taking damage. [demonic ancestry]
   475 | D:1      | Reached XP level 2. HP: 19/19 MP: 0/5
   606 | D:1      | Learned a level 2 spell: Scorch
  1167 | D:2      | Noticed Robin
  1316 | D:2      | Killed Robin
  1317 | D:2      | Reached skill level 3 in Fire Magic
  1317 | D:2      | Gained mutation: You are partially covered in yellow
                  | scales. (AC +2) [demonic ancestry]
  1317 | D:2      | Reached XP level 3. HP: 20/24 MP: 0/6
  1693 | D:2      | Gained mutation: Your magical capacity is low. (-10% MP)
                  | [potion of mutation]
  1693 | D:2      | Gained mutation: You have a pair of small antennae on your
                  | head. [potion of mutation]
  1999 | D:2      | Noticed Terence
  2019 | D:3      | Found a faded altar of an unknown god.
  2375 | D:2      | Killed Terence
  2376 | D:2      | Reached XP level 4. HP: 18/30 MP: 1/7
  2563 | D:3      | Slain by an orc

Illustrated notes

Levels and vault maps discovered:
D:1:      matt_arrival_los_fun, layout_rooms, serial_bayou_ford_a
D:2:      layout_basic, serial_bayou_pond_d, uniq_robin, uniq_terence
D:3:      layout_loops_ring, nicolae_ecumenical_oubliette

Skill      XL: |  1  2 |
---------------+-------+-----
Stealth        | 2 |  2.5
Dodging        | 2 |  2.3
Fire Magic     | 3 |  3.1
Spellcasting   | |  2.5
Conjurations   | |  1.9

Action                   |  1- 3 |  4- 6 || total
-------------------------+-------+-------++-------
Melee: Staff             |     3 |       ||     3
       Unarmed           |     1 |       ||     1
       Short sword       |    49 |     2 ||    51
 Cast: Foxfire           |    34 |     5 ||    39
       Scorch            |    25 |     1 ||    26
  Use: Potion            |     7 |       ||     7
Armor: Robe              |     8 |       ||     8
Dodge: Dodged            |    55 |     1 ||    56
